 Dungeon Crawl Stone Soup version 0.23.2-33-g5129a83184 (webtiles) character file.

Game seed: 1375754862980485854

3304 Crl the Conjurer (level 10, -1/88 (92) HPs)
             Began as a Naga Wizard on July 24, 2019.
             Was a Believer of Vehumet.
             Slain by a wolf (3 damage)
             ... led by Grum
             ... on level 7 of the Dungeon.
             The game lasted 01:06:50 (12564 turns).

Crl the Conjurer (Naga Wizard)                     Turns: 12564, Time: 01:06:51

HP:   -1/88 (92)    AC:  7    Str:  9    XL:     10   Next: 1%
MP:   6/14          EV: 12    Int: 23    God:    Vehumet [**....]
Gold: 410           SH:  0    Dex:  9    Spells: 5/15 levels left

rFire    . . .     SeeInvis +   W - +11 spear of Responsibility {freeze, rPois}
rCold    . . .     Gourm    .   (no shield)
rNeg     . . .     Faith    .   a - +0 robe
rPois    +         Spirit   .   K - +0 helmet
rElec    .         Reflect  .   H - +0 cloak
rCorr    .         Harm     .   J - +0 pair of gloves
MR       +....     Rnd*Tele +   (no barding)
Stlth    ++........             (no amulet)
HPRegen  0.24/turn              C - ring of teleportation (curse)
MPRegen  0.14/turn              (no ring)

@: very slow
A: large, see invisible, deformed body, poison resistance, slowness 2, slow
metabolism 1, spit poison 1, AC +3
a: Spit Poison, Renounce Religion


You were on level 7 of the Dungeon.
You worshipped Vehumet.
Vehumet was pleased with you.
You were hungry.

You visited 2 branches of the dungeon, and saw 11 of its levels.

You collected 410 gold pieces.

Inventory:

Hand Weapons
 W - the +11 spear of Responsibility (weapon) {freeze, rPois}
   (You found it on level 4 of the Dungeon)

   It has been specially enchanted to freeze those struck by it, causing extra
   injury to most foes and up to half again as much damage against particularly
   susceptible opponents.
   It can also slow down cold-blooded creatures.
   It protects you from poison.
Missiles
 I - 18 poisoned needles
 X - 22 stones (quivered)
 Z - 16 tomahawks
Armour
 a - a +0 robe (worn)
 H - a +0 cloak (worn)
 J - a +0 pair of gloves (worn)
 K - a +0 helmet (worn)
Jewellery
 C - a cursed ring of teleportation (left hand)
Wands
 B - a wand of polymorph (12)
 D - a wand of digging (5)
 O - a wand of clouds (3)
 P - a wand of paralysis (9)
 V - a wand of disintegration (44)
Scrolls
 M - 4 scrolls of magic mapping
 Q - 3 scrolls of enchant weapon
 R - 2 scrolls of immolation
 T - 2 scrolls of teleportation
 Y - a scroll of fog
Potions
 l - a potion of flight
 L - 2 potions of lignification
 N - a potion of ambrosia
 U - a potion of magic
Comestibles
 z - 14 rations
 S - 3 chunks of flesh


   Skills:
 + Level 6.3 Fighting
 - Level 4.1 Polearms
 - Level 1.0 Armour
 + Level 5.5 Dodging
 - Level 3.0 Stealth
 - Level 3.0 Spellcasting
 + Level 7.2 Conjurations
 - Level 1.0 Summonings
 - Level 1.0 Translocations
 + Level 5.6 Fire Magic


You had 5 spell levels left.
You knew the following spells:

 Your Spells              Type           Power        Failure   Level  Hunger
a - Magic Dart            Conj           ####         1%          1    None
b - Call Imp              Summ           #.......     12%         2    ##.....
c - Slow                  Hex            #.......     17%         2    ##.....
d - Blink                 Tloc           N/A          12%         2    ##.....
j - Conjure Flame         Conj/Fire      ####....     2%          3    ###....

Your spell library contained the following spells:

 Spells                   Type           Power        Failure   Level  Hunger
 Stone Arrow              Conj/Erth      ###...       8%          3    ###....
 Flame Tongue             Conj/Fire      ####.        1%          1    None
 Throw Flame              Conj/Fire      ####..       1%          2    ##.....
 Dazzling Spray           Conj/Hex       ###...       8%          3    ###....
 Sticky Flame             Conj/Fire      ####....     9%          4    ####...
 Inner Flame              Hex/Fire       ###.....     11%         3    ###....
 Corona                   Hex            #......      12%         1    None
 Mephitic Cloud           Conj/Pois/Air  ##......     13%         3    ###....
 Ensorcelled Hibernation  Hex/Ice        #.....       17%         2    ##.....
 Fireball                 Conj/Fire      ####......   22%         5    ######.
 Confuse                  Hex            #.......     34%         3    ###....
 Tukima's Dance           Hex            #.......     34%         3    ###....


Dungeon Overview and Level Annotations

Branches:
Dungeon (10/15)            Temple (1/1) D:5
   Lair: D:8-11         Orc: D:9-12

Altars:
Ashenzari
Cheibriados
Dithmenos
Elyvilon
Fedhas
Gozag
Hepliaklqana
Kikubaaqudgha
Makhleb
Nemelex Xobeh
Okawaru
Qazlal
Ru
Sif Muna
Trog
Uskayaw
Vehumet
Wu Jian
Xom
Yredelemnul
Zin
The Shining One

Annotations:
D:8 Grum


Innate Abilities, Weirdness & Mutations

You cannot wear boots.
Your serpentine skin is tough. (AC +3)
You have supernaturally acute eyesight. (SInv)
Armour fits poorly on your strangely shaped body.
Your system is resistant to poisons. (rPois)
You cover ground very slowly.
You have a slow metabolism.
You can spit poison.


Message History

Confirm with . or Enter, or press ? or * to list all spells.
A shadowy apparition takes form in the air.
The wolf bites you!
* * * LOW HITPOINT WARNING * * *
The wolf closely misses you. The wolf bites you.
* * * LOW HITPOINT WARNING * * *
The wolf bites you but does no damage.
Your crimson imp hits the wolf.
The wolf barely misses your iron imp.
The wolf completely misses your iron imp.
The wolf bites your iron imp! The wolf closely misses your iron imp.
Your iron imp barely misses the wolf.
Your shadow imp hits the wolf.
Your crimson imp hits the wolf.
Casting: Call Imp (safe; 12% risk of failure)
Confirm with . or Enter, or press ? or * to list all spells.
Aiming: Conjure Flame (safe; 2% risk of failure)
Press: ? - help, Dir - move target cursor The fire ignites!
You are feeling hungry.
The wolf bites your iron imp but does no damage.
The wolf barely misses your iron imp. The wolf bites your iron imp.
Your crimson imp barely misses the wolf.
Your shadow imp misses the wolf.
Your iron imp misses the wolf.
The wolf closely misses your iron imp.
You are too injured to fight recklessly!
Okay, then.
Casting: Conjure Flame (safe; 2% risk of failure)
Confirm with . or Enter, or press ? or * to list all spells.
Okay, then.
Evoke which item? (* to show all) (? for menu, Esc to quit)
Attack whom?
Press: ? - help, Dir - move target cursor, f - wolf
Aim: a wolf (lightly wounded)
You reach to attack!
You hit the wolf. You freeze the wolf.
The wolf is heavily wounded.
The wolf barely misses your iron imp. The wolf misses your iron imp.
Your shadow imp barely misses the wolf.
Your crimson imp hits the wolf but does no damage.
Your iron imp hits the wolf but does no damage.
The wolf bites your iron imp.
Evoke which item? (* to show all) (? for menu, Esc to quit)
Okay, then.
You swap places.
The wolf bites you!
* * * LOW HITPOINT WARNING * * *
The wolf bites you but does no damage. The wolf bites you.
* * * LOW HITPOINT WARNING * * *
Your crimson imp completely misses the wolf.
Your shadow imp completely misses the wolf.
The wolf completely misses you. The wolf bites you but does no damage.
Your crimson imp misses the wolf.
The wolf bites you.
You die...

......##.......#.............
............... ....[....
.......##.... .........
#.....## .... .........
#....... ##. ##...#....
##...... . ##......... ###..#
... #5.5.......
..#..#hh5.....#
.......@...#..# ...#......##
. #........# #..#.#...#
##.####### #


You could see 2 wolves, a friendly iron imp, a friendly crimson imp and a
friendly shadow imp.

Vanquished Creatures
  2 hippogriffs
  Sigmund (D:4)
  Menkaure (D:5)
  An ice beast (D:8)
  2 orc warriors (D:8)
  A sky beast (D:6)
  3 ogres
  A wolf (D:8)
  A centaur (D:8)
  A bullfrog (D:8)
  A wyvern zombie (D:7)
  A wyvern skeleton (D:6)
  2 scorpions
  8 wights
  4 howler monkeys (D:6)
  A crimson imp (D:7)
  A bullfrog zombie (D:8)
  6 hounds
  2 jellies
  2 orc priests (D:8)
  A bullfrog skeleton (D:8)
  A centaur skeleton (D:4)
  3 iguanas
  5 orc wizards
  7 worker ants
  7 adders
  An adder zombie (D:2)
  An adder skeleton (D:4)
  A worm (D:3)
  4 leopard geckos
  20 orcs
  2 ball pythons
  2 bats (D:1)
  A bat skeleton (D:2)
  A bat zombie (D:2)
  4 giant cockroaches
  7 goblins
  11 hobgoblins
  12 jackals
  3 quokkas
  A ball python skeleton (D:2)
  6 frilled lizards
  2 giant cockroach zombies (D:2)
  2 jackal skeletons
  3 kobolds
  A leopard gecko skeleton (D:4)
  5 rats
156 creatures vanquished.

Vanquished Creatures (collateral kills)
  A sky beast (D:7)
  An ice beast (D:8)
  A necrophage (D:6)
  A wight (D:7)
  2 crimson imps
  A hound (D:5)
  An adder (D:8)
  A shadow imp (D:7)
  6 orcs
  A jackal (D:7)
16 creatures vanquished.

Grand Total: 172 creatures vanquished

Notes
Turn   | Place    | Note
-------+----------+-------------------------------------------
     0 | D:1      | Crl the Naga Wizard began the quest for the Orb.
     0 | D:1      | Reached XP level 1. HP: 15/15 MP: 4/4
   121 | D:1      | Reached skill level 2 in Conjurations
   121 | D:1      | Reached XP level 2. HP: 22/22 MP: 6/6
   703 | D:1      | Reached XP level 3. HP: 28/28 MP: 4/7
   803 | D:2      | Reached skill level 3 in Conjurations
  2364 | D:3      | Reached skill level 1 in Fighting
  2364 | D:3      | Reached XP level 4. HP: 38/38 MP: 5/8
  2506 | D:3      | You fall through a shaft for 2 floors!
  2506 | D:5      | Entered Level 5 of the Dungeon
  2508 | D:5      | Found a staircase to the Ecumenical Temple.
  2522 | Temple   | Entered the Ecumenical Temple
  2759 | Temple   | Became a worshipper of Vehumet
  2812 | D:5      | Reached XP level 5. HP: 28/45 MP: 5/9
  3292 | D:4      | Learned a level 2 spell: Call Imp
  3295 | D:4      | Learned a level 2 spell: Blink
  3298 | D:4      | Learned a level 2 spell: Slow
  3302 | D:4      | Learned a level 3 spell: Conjure Flame
  3487 | D:5      | Reached skill level 4 in Conjurations
  3721 | D:5      | Reached XP level 6. HP: 46/55 MP: 1/10
  3936 | D:5      | Noticed Menkaure
  4278 | D:4      | Got an ancient spear
  4279 | D:4      | Identified the +11 spear of Responsibility {freeze, rPois}
                  | (You found it on level 4 of the Dungeon)
  4347 | D:3      | Reached skill level 3 in Dodging
  4824 | D:4      | Reached skill level 1 in Fire Magic
  4863 | D:4      | Reached skill level 3 in Fighting
  4863 | D:4      | Reached skill level 1 in Polearms
  4863 | D:4      | Reached XP level 7. HP: 44/62 MP: 6/11
  4868 | D:4      | Found a shadowy altar of Dithmenos.
  5326 | D:4      | Noticed Sigmund
  5332 | D:4      | Killed Sigmund
  5820 | D:4      | Reached skill level 1 in Armour
  5994 | D:4      | Reached * piety under Vehumet
  5994 | D:4      | Offered knowledge of Freeze by Vehumet.
  6600 | D:6      | Reached skill level 5 in Conjurations
  6689 | D:6      | Reached XP level 8. HP: 72/72 MP: 12/12
  7610 | D:7      | Reached skill level 3 in Fire Magic
  7824 | D:6      | Reached skill level 3 in Polearms
  8444 | D:7      | Noticed a hornet
  8496 | D:7      | Noticed a hippogriff
  8790 | D:7      | Paralysed by a wight for 7 turns
  8965 | D:6      | Reached XP level 9. HP: 63/76 MP: 6/13
  9124 | D:6      | Reached skill level 6 in Conjurations
 10201 | D:8      | HP: 2/77 [orc warrior/+1 scimitar of slicing (5)]
 10818 | D:9      | Offered knowledge of Searing Ray by Vehumet.
 10823 | D:9      | Reached ** piety under Vehumet
 10894 | D:10     | Entered Level 10 of the Dungeon
 11344 | D:8      | Noticed Grum
 11363 | D:8      | Identified the +5 ring mail of Ashenzari's Approval
                  | {*Corrode rF+ MR+ Str+4 Int+2}
 11594 | D:5      | Killed Menkaure
 11594 | D:5      | Reached skill level 6 in Fighting
 12185 | D:8      | Reached skill level 7 in Conjurations
 12428 | D:8      | Offered knowledge of Stone Arrow by Vehumet.
 12428 | D:8      | Reached XP level 10. HP: 88/88 MP: 10/14
 12563 | D:7      | HP: 2/88 [wolf[Grum] (6)]
 12564 | D:7      | Slain by a wolf

Skill      XL: |  1  2  3  4  5  6  7  8  9 |
---------------+----------------------------+-----
Conjurations   | 2 3 4 5 7 |  7.2
Fighting       | 1 2 3 4 6 |  6.3
Dodging        | 2 3 4 5 |  5.5
Fire Magic     | 1 2 3 5 |  5.6
Polearms       | 1 2 3 4 |  4.1
Armour         | 1 |  1.0
Stealth        | |  3.0
Spellcasting   | |  3.0
Summonings     | |  1.0
Translocations | |  1.0

Action                   |  1- 3 |  4- 6 |  7- 9 | 10-12 || total
-------------------------+-------+-------+-------+-------++-------
Melee: Spear             |     1 |    20 |   276 |     1 ||   298
       Whip              |       |    38 |       |       ||    38
       Flail             |       |     6 |       |       ||     6
 Cast: Magic Dart        |    54 |    32 |    18 |       ||   104
       Call Imp          |       |    24 |    81 |     3 ||   108
       Conjure Flame     |       |     2 |     4 |     1 ||     7
 Abil: Spit Poison       |    53 |    27 |    26 |       ||   106
  Use: Scroll            |     2 |     5 |    10 |       ||    17
       Potion            |       |     4 |     1 |       ||     5
 Stab: Sleeping          |       |       |     3 |       ||     3
       Distracted        |       |       |     1 |       ||     1
  Eat: Chunk             |     6 |     9 |    18 |       ||    33
       Ration            |       |       |     2 |       ||     2
Armor: Robe              |     5 |    22 |    80 |     9 ||   116
       Skin              |       |    67 |       |       ||    67
       Plate armour      |       |       |    13 |       ||    13
Dodge: Dodged            |    21 |    83 |   170 |     9 ||   283
